 Dungeon Crawl Stone Soup version 0.32-a0-468-g38b2580584 (webtiles) character file.

Game seed: 8488676896009219962

896 mopl the Chopper (level 8, -1/61 HPs)
             Began as a Coglin Berserker on Feb 24, 2024.
             Was a Priest of Trog.
             Slain by an orc wizard
             ... wielding a +0 dagger of electrocution
              (13 damage)
             ... on level 7 of the Dungeon.
             The game lasted 00:03:28 (2691 turns).

mopl the Chopper (Coglin Berserker)                 Turns: 2691, Time: 00:03:29

Health: -1/61      AC:  6    Str: 19    XL:     8   Next: 7%
Magic:  8/8        EV: 12    Int:  6    God:    Trog [***...]
Gold:   178        SH:  0    Dex: 15    Spells: 7/7 levels left

rFire   . . .        a - +0 hand axe {Impisi}
rCold   . . .        n - +2 short sword (venom) {Lin}
rNeg    . . .        d - +0 ring mail
rPois   .            (no helmet)
rElec   .            (no cloak)
rCorr   .            e - +0 pair of gloves
SInv    .            (no boots)
Will    .....        (no amulet)
Stlth   +            (ring unavailable)
HPRegen 0.30/turn    (ring unavailable)
MPRegen 0.11/turn

%: no passive effects
@: on berserk cooldown, slowed, revved, very slow
A: off-hand wielding, slow wielding, warmup strikes, no rings
a: Renounce Religion, Berserk, Trog's Hand


You were on level 7 of the Dungeon.
You worshipped Trog.
Trog was most pleased with you.
You visited 1 branch of the dungeon, and saw 5 of its levels.

You collected 178 gold pieces.

Inventory:

Hand Weapons
 a - a +0 hand axe (weapon) {Impisi}
 n - a +2 short sword of venom (offhand) {Lin}
 s - a +2 battleaxe
Missiles
 i - 12 poisoned darts (quivered)
 o - 2 javelins
 r - 4 boomerangs
Armour
 d - a +0 ring mail (worn)
 e - a +0 pair of gloves (worn)
Scrolls
 b - a scroll of identify {unknown}
 f - 3 scrolls of vulnerability {unknown}
 g - 3 scrolls of amnesia {unknown}
 h - a scroll of poison {unknown}
 j - 3 scrolls of fog {unknown}
 k - a scroll of fear {unknown}
 l - a scroll of enchant armour {unknown}
 p - a scroll of blinking {unknown}
Potions
 c - 5 potions of curing {unknown}
 m - a potion of haste {unknown}
 q - a potion of cancellation {unknown}


   Skills:
 + Level 4.7 Fighting
 * Level 6.1 Axes
 + Level 2.7 Throwing
 + Level 3.6 Armour
 + Level 3.5 Dodging
 - Level 0.8 Unarmed Combat


You had 7 spell levels left.
You didn't know any spells.
Your spell library was empty.

Dungeon Overview and Level Annotations

Branches:
Dungeon (4/15)
 Temple: D:4-7

Altars:
Fedhas

Shops:
D:7 :

Annotations:
D:7 Maurice


Innate Abilities, Weirdness & Mutations

You can wield a second weapon in your off-hand.
It takes a long time for you to wield or remove held weapons.
Your first few attacks do less damage.
Your grasper-arms cannot wear rings.


Message History

You hit the orc warrior with your +0 hand axe.
Maurice gestures wildly while chanting.
Maurice blinks!
You hit the orc warrior with your +2 short sword of venom.
The orc warrior is severely wounded.
You closely miss the orc warrior with your +0 hand axe.
The orc warrior hits you with a +0 short sword!
* * * LOW HITPOINT WARNING * * *
You barely miss the orc warrior with your +2 short sword of venom.
The orc warrior is almost dead.
You barely miss the orc warrior with your +0 hand axe.
The orc warrior hits you with a +0 short sword.
* * * LOW HITPOINT WARNING * * *
You hit the orc warrior with your +0 hand axe.
The orc warrior is almost dead.
You closely miss the orc warrior with your +2 short sword of venom.
Unknown command.
You hit the orc warrior but do no damage.
The orc warrior is almost dead.
You hit the orc warrior but do no damage.
You kill the orc warrior!
Trog accepts your kill.
Your Axes skill increases to level 6!
You have reached level 8!
You feel agile.
Unknown command.
You puncture the orc with your +2 short sword of venom!
You kill the orc!
Trog accepts your kill. Something hits you but does no damage.
Items here: ( ))) [[ †.
You closely miss something with your +0 hand axe.
You hit something with your +0 hand axe.
You barely miss something with your +2 short sword of venom.
You are no longer berserk.
You are exhausted.
You feel yourself slow down. Something hits you.
* * * LOW HITPOINT WARNING * * *
Something hits you but does no damage.
You are electrocuted!
You die...

## #.........# ..
#.........#
..####.........#
....##.........#
#......#######
.###.....#### ####
....>.##.#..# ...
#.#.....#..#####.#.#
#.#.#####..##..@{..#
#.#........##.##{###
#...#####.###.# f..
##.#.....#.# #.#
#.#..
.........#.###.# .#
#.# ...............#
.# .
#.########.##### #
#..........#
############


You could see Maurice.

Vanquished Creatures
  An orc warrior (D:7)
  A black bear (D:7)
  An ice beast (D:7)
  An ogre (D:7)
  A bullfrog (D:7)
  4 wights (D:7)
  A bombardier beetle (D:4)
  A hound (D:7)
  An orc priest (D:7)
  A jelly (D:7)
  An iguana (D:7)
  4 adders
  2 ribbon worms
  A dart slug (D:1)
  An orc (D:7)
  11 bats
  7 endoplasms
  4 giant cockroaches
  4 goblins (D:2)
  11 hobgoblins
  2 quokkas (D:1)
  5 ball pythons
  6 frilled lizards
  6 kobolds
  9 rats
87 creatures vanquished.

Notes
Turn   | Place    | Note
-------+----------+-------------------------------------------
     0 | D:1      | mopl the Coglin Berserker began the quest for the Orb.
     0 | D:1      | Reached XP level 1. HP: 18/18 MP: 1/1
    76 | D:1      | Reached XP level 2. HP: 23/24 MP: 2/2
   101 | D:1      | Reached skill level 2 in Armour
   243 | D:1      | Reached ** piety under Trog
   480 | D:1      | Reached XP level 3. HP: 28/29 MP: 3/3
   608 | D:1      | Found a faded altar of an unknown god.
   832 | D:2      | Reached skill level 2 in Dodging
   832 | D:2      | Reached XP level 4. HP: 30/35 MP: 4/4
  1436 | D:3      | Reached skill level 4 in Axes
  1571 | D:3      | Found a blossoming altar of Fedhas.
  1679 | D:3      | Reached XP level 5. HP: 16/41 MP: 5/5
  2063 | D:4      | Reached *** piety under Trog
  2126 | D:4      | You fall into a shaft and drop 3 floors!
  2159 | D:7      | Reached skill level 1 in Throwing
  2207 | D:7      | Found Luwuuf's Vocational Training.
  2211 | D:7      | Reached XP level 6. HP: 33/48 MP: 6/6
  2369 | D:7      | Noticed an ice beast
  2374 | D:7      | Killed an ice beast
  2375 | D:7      | Reached skill level 4 in Fighting
  2375 | D:7      | Reached skill level 5 in Axes
  2375 | D:7      | Reached skill level 3 in Armour
  2422 | D:7      | Reached XP level 7. HP: 16/54 MP: 7/7
  2572 | D:7      | Reached skill level 2 in Throwing
  2572 | D:7      | Reached skill level 3 in Dodging
  2672 | D:7      | Noticed Maurice
  2689 | D:7      | Reached skill level 6 in Axes
  2689 | D:7      | Reached XP level 8. HP: 22/61 MP: 8/8
  2691 | D:7      | Slain by an orc wizard

Illustrated notes

Levels and vault maps discovered:
D:1:      nzn_arrival_depleted_hourglass, layout_basic,
          shapermc_ecumenical_altar_hornbeckon
D:2:      layout_basic, kennysheep_another_room
D:3:      layout_basic, lemuel_crystal_altar
D:4:      layout_loops_ring, ashenzari_conservatory_becter, feat_on_display,
          uniq_edmund, uniq_pikel
D:7:      layout_basic, nicolae_shop_vocational, uniq_maurice

Skill      XL: |  1  2  3  4  5  6  7 |
---------------+----------------------+-----
Armour         | 2 3 |  3.6
Dodging        | 2 3 |  3.5
Axes           | 4 5 6 |  6.1
Throwing       | 1 2 |  2.7
Fighting       | 4 |  4.7
Unarmed Combat | |  0.8

Action                     |  1- 3 |  4- 6 |  7- 9 || total
---------------------------+-------+-------+-------++-------
  Melee: Hand axe          |   106 |   131 |    31 ||   268
         Short sword       |       |    22 |    30 ||    52
 Invoke: Berserk           |       |     1 |     2 ||     3
   Stab: Sleeping          |     2 |       |       ||     2
 Armour: Animal skin       |     4 |       |       ||     4
         Ring mail         |    60 |    87 |    18 ||   165
  Dodge: Dodged            |    66 |    87 |     7 ||   160

Table legend: (Time is in decaauts)
 A = Elapsed time spent in this place.
 B = Non-inter-level travel time spent in this place.
 C = Inter-level travel time spent in this place.
 D = Time resting spent in this place.
 E = Time spent auto-exploring this place.
 F = Levels seen in this place.
 G = Mean time per level.
                   A        B        C        D        E       F      G
               +--------+--------+--------+--------+--------+-----+--------+
         Total |   2733 |   2559 |    174 |    432 |   1537 |   5 |  546.6 |
       Dungeon |   2733 |   2559 |    174 |    432 |   1537 |   5 |  546.6 |
               +--------+--------+--------+--------+--------+-----+--------+

Top non-repeatable levels by time:
     D:3: 741 daAuts
     D:1: 661 daAuts
     D:2: 648 daAuts
     D:7: 576 daAuts
     D:4: 105 daAuts
